 Dungeon Crawl Stone Soup version 0.31-a0-799-g6bc09d010c (webtiles) character file.

Game seed: 10333643464702999277

1871 Maratek the Thaumaturge (level 8, -3/41 HPs)
             Began as a Deep Elf Fire Elementalist on Sept 19, 2023.
             Was a Follower of Sif Muna.
             Slain by an orc warrior
             ... wielding a +1 dire flail of holy wrath
              (15 damage)
             ... on level 7 of the Dungeon.
             The game lasted 00:34:37 (8821 turns).

Maratek the Thaumaturge (DEFE)                      Turns: 8821, Time: 00:34:38

Health: -3/41      AC:  3    Str:  5    XL:     8   Next: 90%
Magic:  23/24      EV: 13    Int: 23    God:    Sif Muna [*.....]
Gold:   276        SH:  0    Dex: 17    Spells: 13/27 levels left

rFire   . . .        n - +5 mace "Zuateavu" {drain, rElec rC+ rCorr}
rCold   + . .        (no shield)
rNeg    . . .        a - +0 robe
rPois   .            (no helmet)
rElec   +            (no cloak)
rCorr   +            (no gloves)
SInv    .            p - +0 pair of boots of Gravitas {Fly Will+ Dex+2}
Will    +....        (no amulet)
Stlth   +++          j - ring of wizardry
HPRegen 0.26/turn    f - ring of wizardry
MPRegen 0.19/turn

%: wizardry (x2)
@: flying
A: no striking features
a: Renounce Religion, Channel Magic


You were on level 7 of the Dungeon.
You worshipped Sif Muna.
Sif Muna was aware of your devotion.
You visited 1 branch of the dungeon, and saw 7 of its levels.

You collected 276 gold pieces.

Inventory:

Hand Weapons
 n - the +5 mace "Zuateavu" (weapon) {drain, rElec rC+ rCorr}
   (You found it on level 3 of the Dungeon)

   rC+:       It protects you from cold.
   rElec:     It insulates you from electricity.
   rCorr:     It protects you from acid and corrosion.
Armour
 a - a +0 robe (worn)
 p - the +0 pair of boots of Gravitas (worn) {Fly Will+ Dex+2}
   (You found it on level 6 of the Dungeon)

   Dex+2:     It affects your dexterity (+2).
   Will+:     It increases your willpower.
   Fly:       It grants you flight.
Jewellery
 f - a ring of wizardry (right hand)
 j - a ring of wizardry (left hand)
Wands
 k - a wand of charming (8)
 m - a wand of flame (8)
Scrolls
 l - 2 scrolls of teleportation
 o - 4 scrolls of enchant weapon
Potions
 b - 3 potions of magic
 c - a potion of invisibility
 d - 2 potions of resistance {unknown}
 e - 4 potions of curing
 g - a potion of attraction {unknown}
 h - a potion of cancellation {unknown}
 i - a potion of might {unknown}
 q - a potion of haste {unknown}


   Skills:
 + Level 0.2 Fighting
 + Level 2.9 Dodging
 + Level 4.0 Stealth
 + Level 10.2 Spellcasting
 + Level 1.4 Conjurations
 + Level 2.1 Summonings
 + Level 1.7 Translocations
 + Level 7.9 Fire Magic
 + Level 1.3 Air Magic
 + Level 1.2 Poison Magic
 * Level 3.2 Invocations


You had 13 spell levels left.
You knew the following spells:

 Your Spells              Type           Power      Damage    Failure   Level
a - Foxfire               Conj/Fire      100%       2x1d9     1%          1
b - Scorch                Fire           96%        2d9       1%          2
c - Flame Wave            Conj/Fire      33%        2d10      2%          4
d - Volatile Blastmotes   Fire/Tloc      68%        2d15      1%          3
e - Sticky Flame          Conj/Fire      33%        2d5       2%          4

Your spell library contained the following spells:

 Spells                   Type           Power      Damage    Failure   Level
 Apportation              Tloc           40%        N/A       1%          1
 Magic Dart               Conj           72%        1d6       1%          1
 Necrotise                Necr           44%        1d6       1%          1
 Sting                    Tmut/Pois      56%        1d5       1%          1
 Summon Small Mammal      Summ           84%        N/A       1%          1
 Poisonous Vapours        Pois/Air       34%        N/A       1%          2
 Searing Ray              Conj           36%        2d5       1%          2
 Inner Flame              Hex/Fire       30%        N/A       1%          3
 Olgreb's Toxic Radiance  Pois           17%        N/A       9%          4
 Fulminant Prism          Conj/Hex       7%         3d7       11%         4


Dungeon Overview and Level Annotations

Branches:
Dungeon (7/15)             Temple (0/1) D:6

Altars:
Dithmenos
Nemelex Xobeh
Sif Muna
Trog
Yredelemnul
Zin
The Shining One

Shops:
D:4 *


Message History

You kill the water moccasin!
Sif Muna accepts your kill.
You feel very sick.
You start resting.
You feel very sick. x3
You feel sick. x8
You are no longer poisoned.
You start resting.
Magic restored.
You start resting.
HP restored.
Done exploring.
Done exploring.
There is a stone staircase leading down here.
You fly downwards.
The orc shouts!
There is a stone staircase leading up here.
Casting: Scorch (safe; 1% risk of failure)
Press: ? - help, Q - select action, (/) - cycle Dir - look around, f - activate Flames lash the orc.
You kill the orc!
Sif Muna accepts your kill.
Casting: Scorch (safe; 1% risk of failure)
Confirm with . or Enter, or press ? or * to list all spells.
You can't see any susceptible monsters within range! (Use Z to cast anyway.) Unknown command.
A killer bee comes into view.
Casting: Scorch (safe; 1% risk of failure)
Confirm with . or Enter, or press ? or * to list all spells.
You can't see any susceptible monsters within range! (Use Z to cast anyway.)
The orc warrior hits you with a +1 dire flail of holy wrath!
The orc attacks as it pursues you! The orc hits you but does no damage.
The orc warrior attacks as it pursues you!
The orc warrior hits you with a +1 dire flail of holy wrath!!
* * * LOW HITPOINT WARNING * * *
The orc attacks as it pursues you! The orc barely misses you.
There is a stone staircase leading up here.
The orc closely misses you.
The orc warrior hits you with a +1 dire flail of holy wrath!
You die...

## #.# .#.#### #..#
....O.. #..#
....... ###...#
....... ##.@..###
.......
###.ooy...#.
.......
#.##.........
.......
#<.#o......#.
.......
#............##
.......
#.........##.....
.......
#....####.......##.
##..# #........#
#.. #..##.#...


You could see an orc warrior, a killer bee and 2 orcs.

Vanquished Creatures
  Prince Ribbit (D:6)
  Edmund (D:6)
  A water moccasin (D:6)
  2 ice beasts
  3 ogres
  A phantom (D:5)
  A bullfrog (D:6)
  4 scorpions
  A gnoll sergeant (D:5)
  A quasit (D:5)
  An orc priest (D:3)
  2 hounds (D:5)
  2 jellies
  2 sleepcaps
  A gnoll bouda (D:6)
  2 orc wizards
  11 gnolls
  7 adders
  2 white imps
  A worm (D:5)
  5 dart slugs
  9 orcs
  8 ball pythons
  6 endoplasms
  6 giant cockroaches
  6 goblins
  7 hobgoblins
  6 quokkas
  5 bats
  3 frilled lizards
  2 hobgoblin zombies (D:5)
  8 kobolds
  A kobold skeleton (D:5)
  2 kobold zombies (D:5)
  4 orc skeletons (D:5)
  2 orc zombies (D:5)
  3 rats
130 creatures vanquished.

Vanquished Creatures (others)
  48 foxfires
48 creatures vanquished.

Grand Total: 178 creatures vanquished

Notes
Turn   | Place    | Note
-------+----------+-------------------------------------------
     0 | D:1      | Maratek the Deep Elf Fire Elementalist began the quest for
                  | the Orb.
     0 | D:1      | Reached XP level 1. HP: 10/10 MP: 6/6
   197 | D:1      | Reached XP level 2. HP: 15/15 MP: 4/8
   203 | D:1      | Learned a level 2 spell: Scorch
   537 | D:1      | Reached XP level 3. HP: 19/19 MP: 7/10
  1419 | D:2      | Learned a level 2 spell: Poisonous Vapours
  1723 | D:2      | Reached skill level 4 in Spellcasting
  1744 | D:2      | Learned a level 3 spell: Volatile Blastmotes
  2177 | D:3      | Identified the +5 mace "Zuateavu" {drain, rElec rC+ rCorr}
  2327 | D:3      | Reached XP level 4. HP: 6/24 MP: 0/12
  2548 | D:3      | Reached skill level 1 in Poison Magic
  2718 | D:3      | Reached skill level 1 in Translocations
  2794 | D:3      | Reached XP level 5. HP: 28/28 MP: 4/13
  2901 | D:3      | Found a basalt altar of Yredelemnul.
  3233 | D:3      | Reached skill level 1 in Air Magic
  3519 | D:3      | Found a glowing silver altar of Zin.
  4074 | D:4      | Found Kibiyg's Assorted Antiques.
  4201 | D:4      | Found a shimmering blue altar of Sif Muna.
  4212 | D:4      | Reached skill level 5 in Spellcasting
  4212 | D:4      | Reached skill level 5 in Fire Magic
  4212 | D:4      | Reached XP level 6. HP: 32/32 MP: 6/15
  4216 | D:4      | Became a worshipper of Sif Muna the Loreminder
  4298 | D:3      | Learned a level 1 spell: Summon Small Mammal
  4945 | D:4      | Reached skill level 1 in Summonings
  5213 | D:4      | Learned a level 4 spell: Flame Wave
  5226 | D:4      | Noticed an ice beast
  5231 | D:4      | Killed an ice beast
  5232 | D:4      | Reached skill level 6 in Spellcasting
  5543 | D:5      | Entered Level 5 of the Dungeon
  5560 | D:5      | Found a bloodstained altar of Trog.
  5619 | D:5      | Reached XP level 7. HP: 36/36 MP: 6/19
  5694 | D:5      | Reached skill level 7 in Spellcasting
  5934 | D:5      | Found a sparkling altar of Nemelex Xobeh.
  6196 | D:5      | Reached skill level 8 in Spellcasting
  6214 | D:5      | Reached * piety under Sif Muna
  6621 | D:5      | Found a glowing golden altar of the Shining One.
  6774 | D:6      | Reached XP level 8. HP: 11/41 MP: 14/22
  7024 | D:6      | Reached skill level 1 in Invocations
  7099 | D:6      | Noticed Edmund
  7200 | D:6      | Reached skill level 9 in Spellcasting
  7336 | D:6      | Killed Edmund
  7802 | D:6      | Found a staircase to the Ecumenical Temple.
  7926 | D:6      | Found a shadowy altar of Dithmenos.
  7993 | D:6      | Noticed Prince Ribbit
  7999 | D:6      | Killed Prince Ribbit
  8128 | D:6      | Identified the +0 pair of boots of Gravitas {Fly Will+
                  | Dex+2}
  8230 | D:6      | Reached skill level 10 in Spellcasting
  8510 | D:6      | Learned a level 4 spell: Sticky Flame
  8570 | D:7      | Noticed a two-headed ogre
  8821 | D:7      | Slain by an orc warrior

Illustrated notes

Levels and vault maps discovered:
D:1:      onia_arrival_pentagram, layout_loops_ring, minmay_surrounded
D:2:      layout_rooms
D:3:      layout_basic, mainiacjoe_overflow_24_doors, lemuel_crystal_altar
D:4:      layout_basic, old_standard_altar, serial_shops,
          nicolae_shop_overgrown_old_shop, chequers_serial_rivers_micro_e
D:5:      layout_basic, lemuel_coloured_pillars_altar,
          nicolae_tso_besieged_by_evil, bloody_trog
D:6:      layout_loops_corners, grunt_dithmenos_smoke,
          minmay_temple_entry_metal_lava, kennysheep_cross_bottleneck,
          grunt_ministairs_6, uniq_prince_ribbit1, uniq_edmund
D:7:      layout_cave_pools

Skill      XL: |  1  2  3  4  5  6  7  8 |
---------------+-------------------------+-----
Fire Magic     | 4 5 6 7 |  7.9
Spellcasting   | 4 5 6 8 10 | 10.2
Poison Magic   | 1 |  1.2
Translocations | 1 |  1.7
Air Magic      | 1 |  1.3
Stealth        | 3 4 |  4.0
Summonings     | 2 |  2.1
Invocations    | 3 |  3.2
Fighting       | |  0.2
Dodging        | |  2.9
Conjurations   | |  1.4

Action                     |  1- 3 |  4- 6 |  7- 9 || total
---------------------------+-------+-------+-------++-------
  Melee: Unarmed           |     2 |       |       ||     2
         Mace              |       |     9 |     3 ||    12
   Cast: Foxfire           |    27 |     1 |       ||    28
         Scorch            |    32 |    43 |    69 ||   144
         Poisonous Vapours |     8 |    29 |       ||    37
         Volatile Blastmot |     4 |     5 |    10 ||    19
         Summon Small Mamm |       |    43 |       ||    43
         Flame Wave        |       |     3 |     4 ||     7
         Sticky Flame      |       |       |     1 ||     1
    Use: Scroll            |       |    10 |     3 ||    13
         Potion            |       |       |     5 ||     5
 Armour: Robe              |    12 |    20 |    39 ||    71
  Dodge: Dodged            |    17 |    21 |    27 ||    65

Table legend: (Time is in decaauts)
 A = Elapsed time spent in this place.
 B = Non-inter-level travel time spent in this place.
 C = Inter-level travel time spent in this place.
 D = Time resting spent in this place.
 E = Time spent auto-exploring this place.
 F = Levels seen in this place.
 G = Mean time per level.
                   A        B        C        D        E       F      G
               +--------+--------+--------+--------+--------+-----+--------+
         Total |   8824 |   8603 |    221 |   2825 |   4021 |   7 | 1260.6 |
       Dungeon |   8824 |   8603 |    221 |   2825 |   4021 |   7 | 1260.6 |
               +--------+--------+--------+--------+--------+-----+--------+

Top non-repeatable levels by time:
     D:3: 2478 daAuts
     D:6: 2037 daAuts
     D:1: 1239 daAuts
     D:5: 1227 daAuts
     D:4: 1185 daAuts
     D:2: 642 daAuts
     D:7: 13 daAuts
